 Dungeon Crawl Stone Soup version 0.22-a0-346-ga714374 (webtiles) character file.

2859 torrenera the Martial Artist (level 9, -4/62 HPs)
             Began as a Black Draconian Ice Elementalist on Apr 6, 2018.
             Was a Believer of Zin.
             Slain by a wyvern (8 damage)
             ... on level 8 of the Dungeon.
             The game lasted 00:19:05 (8554 turns).

torrenera the Martial Artist (DrIE)                 Turns: 8554, Time: 00:19:06

Health: -4/62      AC: 11    Str: 11    XL:     9   Next: 47%
Magic:  8/12       EV: 12    Int: 19    God:    Zin [**....]
Gold:   287        SH:  0    Dex: 11    Spells: 4/12 levels left

rFire    + . .     SeeInvis .     - Unarmed
rCold    . . .     Gourm    .   (no shield)
rNeg     . . .     Faith    .   (armour unavailable)
rPois    .         Spirit   .   z - +1 hat
rElec    +         Reflect  .   s - +1 cloak {MR+}
rCorr    .         Harm     .   o - +0 pair of gloves
MR       +....                  (no boots)
Stlth    ++........             (no amulet)
HPRegen  0.20/turn              r - ring of protection from fire
MPRegen  0.13/turn              (no ring)

@: no status effects
A: breathe lightning, unfitting armour, electricity resistance, cold-blooded, AC
+7
a: Breathe Lightning, Recite, Vitalisation, Donate Gold, Renounce Religion


You were on level 8 of the Dungeon.
You worshipped Zin.
Zin was pleased with you.
You were not hungry.

You visited 1 branch of the dungeon, and saw 8 of its levels.

You collected 318 gold pieces.
You donated 31 gold pieces to Zin.

Inventory:

Hand Weapons
 c - a +2 quarterstaff of chaos
 p - a +2 dagger of speed
Missiles
 a - 162 stones (quivered)
 v - 2 javelins of returning
Armour
 o - a +0 pair of gloves (worn)
 s - a +1 cloak of magic resistance (worn)
 z - a +1 hat (worn)
Jewellery
 r - a ring of protection from fire (left hand)
Scrolls
 d - 2 scrolls of remove curse
 f - 2 scrolls of fear {unknown}
 g - a scroll of magic mapping {unknown}
 h - a scroll of amnesia {unknown}
 i - 6 scrolls of identify
 m - 2 scrolls of teleportation {unknown}
 n - 2 scrolls of enchant armour {unknown}
 q - a scroll of random uselessness {unknown}
 t - a scroll of blinking {unknown}
 u - 2 scrolls of enchant weapon {unknown}
 y - 3 scrolls of fog {unknown}
Potions
 e - a potion of brilliance
 j - 3 potions of curing
 k - a potion of heal wounds
 l - 2 potions of mutation
 w - 2 potions of invisibility {unknown}
 x - a potion of cancellation {unknown}
 B - a potion of berserk rage {unknown}
Comestibles
 b - 12 rations
 A - 2 chunks of flesh


   Skills:
 - Level 1.7 Dodging
 - Level 1.7 Stealth
 * Level 10.4 Unarmed Combat
 - Level 2.0 Spellcasting
 - Level 1.0 Conjurations
 + Level 8.5 Ice Magic


You had 4 spell levels left.
You knew the following spells:

 Your Spells              Type           Power        Failure   Level  Hunger
a - Freeze                Ice            ####         1%          1    #......
b - Ozocubu's Armour      Chrm/Ice       ###.....     9%          3    ###....
c - Throw Icicle          Conj/Ice       ###.....     24%         4    #####..


Dungeon Overview and Level Annotations

Branches:
Dungeon (8/15)             Temple (0/1) D:6
   Lair: D:8-11

Altars:
Dithmenos
Fedhas
Gozag
Hepliaklqana
Ru
Uskayaw
Zin


Innate Abilities, Weirdness & Mutations

You can breathe wild blasts of lightning.
Your glossy black scales are hard. (AC +7)
You cannot fit into any form of body armour.
You are resistant to electric shocks. (rElec)
You are cold-blooded and may be slowed by cold attacks.


Message History

* * * LOW HITPOINT WARNING * * *
Casting: Freeze (safe; 1% risk of failure)
Confirm with . or Enter, or press ? or * to list all spells.
Aiming: Freeze (safe; 1% risk of failure)
Press: ? - help, Shift-Dir - straight line, f/p - wyvern
Aim: a wyvern (lightly wounded)
You freeze the wyvern.
The wyvern is moderately wounded.
The wyvern bites you but does no damage.
Casting: Freeze (safe; 1% risk of failure)
Confirm with . or Enter, or press ? or * to list all spells.
Aiming: Freeze (safe; 1% risk of failure)
Press: ? - help, Shift-Dir - straight line, f/p - wyvern
Aim: a wyvern (moderately wounded)
You freeze the wyvern.
The wyvern is heavily wounded.
The wyvern bites you!
* * * LOW HITPOINT WARNING * * *
The wyvern bites you!
You die...

###................
#######............#.....
.........................
...#...............#..#..
#......#.......)..#..##.
##.....#####.#.####### +
#.###..## #...# ##..# ..
####..####..###..## ##
#..$@...##......##
#...l....########
#.......## #......##
#......# .......#.
(...(...#.. ###......##..


You could see a wyvern.

Vanquished Creatures
  Sigmund (D:5)
  A human (D:7)
  A yak (D:7)
  3 hogs (D:7)
  An orc warrior (D:6)
  2 phantoms
  An ice beast (D:5)
  A necrophage (D:5)
  4 ogres
  A big kobold (D:3)
  Blork the orc (D:6)
  2 bullfrogs
  A jelly (D:6)
  A bullfrog skeleton (D:8)
  4 orc priests
  6 hounds
  4 orc wizards
  Crazy Yiuf (D:3)
  A centaur skeleton (D:6)
  Terence (D:2)
  Jessica (D:2)
  An iguana (D:4)
  4 worker ants
  A worker ant zombie (D:5)
  2 gnolls (D:5)
  A howler monkey skeleton (D:4)
  6 adders
  2 oozes
  An adder zombie (D:6)
  4 adder skeletons
  5 worms
  6 dart slugs
  6 leopard geckos
  19 orcs
  3 giant cockroaches (D:2)
  10 goblins
  9 hobgoblins
  2 quokkas
  2 ball pythons
  8 bats
  5 frilled lizards
  17 kobolds
  A leopard gecko zombie (D:5)
  9 rats
163 creatures vanquished.

Notes
Turn   | Place    | Note
-------+----------+-------------------------------------------
     0 | D:1      | torrenera the Draconian Ice Elementalist began the quest for the Orb.
     0 | D:1      | Reached XP level 1. HP: 14/14 MP: 3/3
   136 | D:1      | Reached XP level 2. HP: 14/20 MP: 3/5
   271 | D:1      | Reached skill level 1 in Unarmed Combat
   769 | D:1      | Reached XP level 3. HP: 20/26 MP: 6/6
  1240 | D:2      | Learned a level 3 spell: Ozocubu's Armour
  1254 | D:2      | Reached skill level 2 in Unarmed Combat
  1597 | D:2      | Noticed Terence
  1607 | D:2      | Killed Terence
  1607 | D:2      | Reached XP level 4. HP: 13/33 MP: 1/7
  1766 | D:2      | Found a sacrificial altar of Ru.
  1766 | D:2      | Noticed Jessica
  1772 | D:2      | Killed Jessica
  1772 | D:2      | Reached skill level 3 in Unarmed Combat
  1781 | D:2      | Reached XP level 5. HP: 34/38 MP: 0/8
  2724 | D:3      | Found an opulent altar of Gozag.
  2909 | D:3      | Found a runed door.
  2913 | D:3      | Noticed Crazy Yiuf
  3218 | D:3      | Reached skill level 4 in Unarmed Combat
  3218 | D:3      | Reached skill level 5 in Ice Magic
  3218 | D:3      | Reached XP level 6. HP: 37/45 MP: 1/9
  3752 | D:3      | Killed Crazy Yiuf
  4147 | D:4      | Reached skill level 5 in Unarmed Combat
  4492 | D:4      | Found a glowing silver altar of Zin.
  4500 | D:4      | Became a worshipper of Zin the Law-Giver
  4500 | D:4      | Reached * piety under Zin
  4779 | D:5      | Entered Level 5 of the Dungeon
  4806 | D:5      | Noticed Sigmund
  4818 | D:5      | Your scales start taking on a glossy black colour.
  4818 | D:5      | Reached XP level 7. HP: 50/50 MP: 5/10
  4818 | D:5      | Gained mutation: You are resistant to electric shocks. (rElec) [Black Draconian growth]
  4826 | D:5      | Killed Sigmund
  4826 | D:5      | Reached skill level 6 in Unarmed Combat
  4980 | D:5      | Learned a level 4 spell: Throw Icicle
  5143 | D:5      | Found a shadowy altar of Dithmenos.
  5577 | D:5      | Reached skill level 7 in Unarmed Combat
  5600 | D:5      | Reached XP level 8. HP: 44/57 MP: 5/11
  5700 | D:5      | Found a hazy altar of Hepliaklqana.
  6386 | D:6      | Got a steaming jade amulet
  6419 | D:6      | Identified the amulet "Sajeasops" {Harm *Drain +Inv rElec rF- Str-2} (You found it on level 6 of the Dungeon)
  6599 | D:6      | Noticed Blork the orc
  6613 | D:6      | Killed Blork the orc
  6613 | D:6      | Reached skill level 8 in Unarmed Combat
  6677 | D:6      | Reached ** piety under Zin
  6733 | D:6      | Found a staircase to the Ecumenical Temple.
  7550 | D:7      | Found a hide-covered altar of Uskayaw.
  7754 | D:7      | Found a blossoming altar of Fedhas.
  7954 | D:7      | Reached skill level 9 in Unarmed Combat
  7959 | D:7      | Reached XP level 9. HP: 61/62 MP: 9/12
  8136 | D:7      | Reached skill level 10 in Unarmed Combat
  8554 | D:8      | Slain by a wyvern

Vault maps used:
D:1:      dpeg_arrival_tiny_b
D:2:      nicolae_ru_great_annihilating_truth, uniq_terence, uniq_jessica
D:3:      cheibrodos_thug_alley, nicolae_gozag_cash_rules_everything_around_me,
          serial_curves, eino_curves_03, eino_curves_03, eino_curves_01,
          uniq_crazy_yiuf_cottage
D:4:      nicolae_overflow_crystal_walls
D:5:      kennysheep_little_box, lemuel_doored_altar, first_ration, sigmund_army
D:6:      minmay_temple_entry_trees, serial_co_window_serial, co_window_cross_1,
          co_window_of_opportunity_a, co_window_paths_b,
          co_window_of_opportunity_a, co_window_corner_a,
          co_window_unsneaky_path_a, co_window_broadway_c, co_window_broadway_b,
          co_window_of_opportunity_b, co_window_of_opportunity_b,
          co_window_paths_d, co_window_paths_e, glass_columns_a,
          glass_columns_a, glass_columns_b, glass_columns_a, glass_columns_c,
          uniq_blork_the_orc
D:7:      kennysheep_mini, lemuel_crystal_altar, grunt_livestock
D:8:      gammafunk_temple_overflow_wave, kennysheep_windowed_goal

Skill      XL: |  1  2  3  4  5  6  7  8  9 |
---------------+----------------------------+-----
Unarmed Combat | 1 2 3 4 5 7 9 10 | 10.4
Ice Magic      | 4 5 6 8 |  8.5
Dodging        | |  1.7
Stealth        | |  1.7
Spellcasting   | |  2.0
Conjurations   | |  1.0

Action                   |  1- 3 |  4- 6 |  7- 9 || total
-------------------------+-------+-------+-------++-------
Melee: Unarmed           |   105 |   174 |   252 ||   531
       Tailslap          |    13 |    15 |    20 ||    48
       Punch             |       |     3 |     5 ||     8
Throw: Stone             |     5 |    15 |    14 ||    34
 Cast: Freeze            |    35 |    69 |    93 ||   197
       Ozocubu's Armour  |       |    11 |    11 ||    22
 Abil: Breathe Lightning |       |       |     4 ||     4
  Use: Scroll            |       |     6 |       ||     6
       Potion            |       |     2 |       ||     2
 Stab: Sleeping          |     3 |     3 |       ||     6
       Paralysed         |       |     1 |       ||     1
  Eat: Chunk             |     3 |     9 |     6 ||    18
       Ration            |       |     1 |     3 ||     4
Armor: Skin              |    42 |    67 |   126 ||   235
Dodge: Dodged            |    90 |   106 |   220 ||   416

Table legend:
 A = Spawn XP
 B = Non-spawn XP
 C = Spawn XP percentage of total XP
 D = Spawn monster count
 E = Non-spawn monster count
 F = Spawn count percentage of total count
 G = Total turns spent on level
                    A         B        C        D         E        F      G
               +---------+---------+-------+---------+---------+-------+---------
         Total |       0 |    4085 |   0.0 |       0 |     163 |   0.0 |  8554
               +---------+---------+-------+---------+---------+-------+---------
           D:1 |       0 |      54 |   0.0 |       0 |      28 |   0.0 |  1482
           D:2 |       0 |     218 |   0.0 |       0 |      39 |   0.0 |  1101
           D:3 |       0 |     179 |   0.0 |       0 |      22 |   0.0 |  1250
           D:4 |       0 |     249 |   0.0 |       0 |      10 |   0.0 |   946
           D:5 |       0 |    1101 |   0.0 |       0 |      24 |   0.0 |  1754
           D:6 |       0 |     739 |   0.0 |       0 |      25 |   0.0 |  1005
           D:7 |       0 |    1406 |   0.0 |       0 |      12 |   0.0 |   941
           D:8 |       0 |     139 |   0.0 |       0 |       3 |   0.0 |    75
               +---------+---------+-------+---------+---------+-------+---------
